 Dungeon Crawl Stone Soup version 0.29-a0-464-g50448035db (webtiles) character file.

Game seed: 13835689581593416694

33 Kenran the Ruffian (level 3, 0/29 HPs)
             Began as a Vampire Fighter on May 21, 2022.
             Killed from afar by Sigmund (1 damage)
             ... with a magic dart
             ... on level 2 of the Dungeon.
             The game lasted 00:02:02 (910 turns).

Kenran the Ruffian (Vampire Fighter)                 Turns: 910, Time: 00:02:03

Health: 0/29       AC:  7    Str: 20    XL:     3   Next: 12%
Magic:  3/3        EV:  9    Int: 10    God:
Gold:   140        SH:  4    Dex: 13    Spells: 2/2 levels left

rFire   . . .      SeeInvis +     - Unarmed
rCold   + . .      Faith    .   b - +0 buckler
rNeg    . . .      Spirit   .   n - +1 scale mail of Nofanah {rC+ Str+3}
rPois   .          Reflect  .   (no helmet)
rElec   .          Harm     .   (no cloak)
rCorr   .          Rampage  .   (no gloves)
Will    .....                   (no boots)
Stlth   ..........              (no amulet)
HPRegen 0.29/turn               (no ring)
MPRegen 0.08/turn               (no ring)

@: mighty, healing quickly
A: alive, fangs 3, see invisible, vampiric 2
a: Exsanguinate


You were on level 2 of the Dungeon.
You visited 1 branch of the dungeon, and saw 2 of its levels.

You collected 140 gold pieces.

Inventory:

Armour
 b - a +0 buckler (worn)
 n - the +1 scale mail of Nofanah (worn) {rC+ Str+3}
   (You found it on level 2 of the Dungeon)

   Str:       It affects your strength (+3).
   rC:        It protects you from cold.
Scrolls
 a - a scroll of blinking {unknown}
 e - a scroll of noise {unknown}
 i - 2 scrolls of immolation {unknown}
 k - a scroll of fear {unknown}
 l - a scroll of teleportation {unknown}
 m - a scroll of vulnerability {unknown}
 o - a scroll of identify {unknown}
 p - a scroll of enchant weapon {unknown}
Potions
 d - a potion of brilliance {unknown}
 f - a potion of attraction {unknown}
 g - a potion of heal wounds {unknown}
 h - 2 potions of lignification {unknown}
 j - 2 potions of curing {unknown}


   Skills:
 - Level 3.0 Fighting
 + Level 2.5 Armour
 - Level 2.6 Shields
 * Level 3.5 Unarmed Combat


You had 2 spell levels left.
You didn't know any spells.
Your spell library contained the following spells:

 Spells                   Type           Power      Damage    Failure   Level
 Conjure Flame            Conj/Fire      0%         6-21      99%         3
 Ignite Poison            Fire/Tmut/Pois 0%         N/A       99%         3
 Sticky Flame             Conj/Fire      0%         2d3       100%        4


Dungeon Overview and Level Annotations

Branches:
Dungeon (2/15)

Altars:
Cheibriados

Annotations:
D:2 Sigmund


Innate Abilities, Weirdness & Mutations

Your natural rate of healing is accelerated.
You have razor-sharp teeth.
You have supernaturally acute eyesight. (SInv)
You are afflicted with vampirism and can become a bat while bloodless.


Message History

You kill the endoplasm!
You hit the worm.
The worm is lightly wounded.
Okay, then.
You hit the worm.
The worm is lightly wounded.
Sigmund hits you but does no damage. The worm bites you.
You feel very mighty all of a sudden. You block Sigmund's attack.
You barely miss the worm.
The worm is lightly wounded.
The worm bites you!
You punch the worm!
The worm is heavily wounded.
Sigmund hits you from afar with a +0 scythe.
The worm bites you.
* * * LOW HITPOINT WARNING * * *
You punch the worm!
The worm is almost dead.
Sigmund completely misses you.
You barely miss the worm.
The worm is almost dead.
The worm misses you.
You punch the worm!
You kill the worm!
Sigmund hits you but does no damage.
Okay, then.
Sigmund hits you but does no damage.
You hit Sigmund.
Sigmund is lightly wounded.
You completely miss Sigmund.
Sigmund is lightly wounded.
Sigmund casts a spell at you. The magic dart hits you!
* * * LOW HITPOINT WARNING * * *
You closely miss Sigmund.
Sigmund is lightly wounded.
Sigmund points at you and mumbles some strange words.
The magic dart hits you.
You die...

#.# ##.##
#..# ..#
#...#
#.## ###
##.##
##.# ####
######..#
...#
#...##
##.#
#.### #.#
#.# #@#
#@# #.#
... ..$
./...
..... ##
.......
.#


You could see Sigmund (invisible).

Vanquished Creatures
  A worm (D:2)
  A dart slug (D:2)
  6 endoplasms
  2 hobgoblins (D:1)
  4 jackals (D:1)
  3 quokkas
  2 ball pythons
  A bat (D:1)
  A goblin (D:2)
  2 kobolds
  2 rats (D:2)
25 creatures vanquished.

Notes
Turn   | Place    | Note
-------+----------+-------------------------------------------
     0 | D:1      | Kenran the Vampire Fighter began the quest for the Orb.
     0 | D:1      | Reached XP level 1. HP: 17/17 MP: 1/1
   250 | D:1      | Reached XP level 2. HP: 23/23 MP: 2/2
   550 | D:2      | Identified the +1 scale mail of Nofanah {rC+ Str+3}
   575 | D:2      | Found a snail-covered altar of Cheibriados.
   853 | D:2      | Gained mutation: You are afflicted with vampirism and can
                  | become a bat while bloodless. [Vampire growth]
   853 | D:2      | Reached XP level 3. HP: 29/29 MP: 3/3
   895 | D:2      | Noticed Sigmund
   909 | D:2      | HP: 1/29 [Sigmund/magic dart (8)]
   910 | D:2      | Killed from afar by Sigmund

Illustrated notes

Levels and vault maps discovered:
D:1:      heliophobic_arrival_battle_scene, layout_rooms
D:2:      layout_rooms, basic_altar, nicolae_figureground_pulse, uniq_sigmund

Skill      XL: |  1  2 |
---------------+-------+-----
Unarmed Combat | 3 |  3.5
Fighting       | 3 |  3.0
Armour         | |  2.5
Shields        | |  2.6

Action                   || total
-------------------------++-------
Melee: Unarmed           ||   102
       Bite              ||    11
  Use: Potion            ||     1
Armor: Scale mail        ||    45
Dodge: Dodged            ||    43
Block: Buckler           ||    17

Table legend: (Time is in decaauts)
 A = Elapsed time spent in this place.
 B = Non-inter-level travel time spent in this place.
 C = Inter-level travel time spent in this place.
 D = Time resting spent in this place.
 E = Time spent auto-exploring this place.
 F = Levels seen in this place.
 G = Mean time per level.
                   A        B        C        D        E       F      G
               +--------+--------+--------+--------+--------+-----+--------+
         Total |    909 |    903 |      6 |     11 |    637 |   2 |  454.5 |
       Dungeon |    909 |    903 |      6 |     11 |    637 |   2 |  454.5 |
               +--------+--------+--------+--------+--------+-----+--------+

Top non-repeatable levels by time:
     D:1: 532 daAuts
     D:2: 376 daAuts
